TOP OF THE 1ST |
Gilbert Fire Fighters batting - Pitching for Clearwater Crab People : LHP Charlie Black
|
Pitching: LHP Charlie Black
|
|
Batting: RHB Ramón Maldonado
|
0-0: Ball 1-0: SINGLE (Line Drive, 9S)
|
Batting: SHB José Salazar
|
0-0: Called Strike 0-1: Foul Ball, location: 2F 0-2: Ball 1-2: Strikes out swinging
|
Batting: LHB Matt Moore
|
0-0: Ball 1-0: Fielders Choice at 2nd, 1-6 (Groundball, 13S)
|
Batting: RHB Bill Salinas
|
0-0: Ball 1-0: Fielders Choice at 2nd, 4-6 (Groundball, 4)
|
Top of the 1st over - 0 run(s), 1 hit(s), 0 error(s), 0 left on base; Gilbert 0 - Clearwater 0 |
BOTTOM OF THE 1ST |
Clearwater Crab People batting - Pitching for Gilbert Fire Fighters : RHP Robbie Hopps
|
Pitching: RHP Robbie Hopps
|
|
Batting: LHB Stanley Smith
|
0-0: Ball 1-0: Ball 2-0: Ball 3-0: Base on Balls
|
Batting: RHB Palmer Frazier
|
0-0: Ball 1-0: Called Strike 1-1: SINGLE (Groundball, 56D) Stanley Smith to second
|
Batting: LHB Pedro Escobar
|
0-0: Swinging Strike 0-1: Ball 1-1: Ball 2-1: Swinging Strike 2-2: Foul Ball, location: 2F 2-2: Foul Ball, location: 2F 2-2: Ball 3-2: Foul Ball, location: 2F 3-2: Foul Ball, location: 2F 3-2: Foul Ball, location: 2F 3-2: Foul Ball, location: 2F 3-2: Base on Balls Stanley Smith to third Palmer Frazier to second
|
Batting: SHB Pete Jones
|
0-0: Ball 1-0: Foul Ball, location: 2F 1-1: Foul Ball, location: 2F 1-2: Grounds into double play, 4-6-3 (Groundball, 4) Stanley Smith scores Palmer Frazier to third
|
Batting: LHB Ryan Martin
|
0-0: Ball 1-0: Called Strike 1-1: Ball 2-1: Foul Ball, location: 2F 2-2: Ground out 4-3 (Groundball, 4)
|
Bottom of the 1st over - 1 run(s), 1 hit(s), 0 error(s), 1 left on base; Gilbert 0 - Clearwater 1 |
TOP OF THE 2ND |
Gilbert Fire Fighters batting - Pitching for Clearwater Crab People : LHP Charlie Black
|
Batting: RHB John Field
|
0-0: Ball 1-0: Foul Ball, location: 2F 1-1: Foul Ball, location: 2F 1-2: Foul Ball, location: 2F 1-2: Fly out, F9 (Flyball, 9)
|
Batting: RHB Iván Romero
|
0-0: Fly out, F8 (Line Drive, 8RM)
|
Batting: RHB Jesús Acosta
|
0-0: Called Strike 0-1: Foul Ball, location: 2F 0-2: Foul Ball, location: 2F 0-2: Ball 1-2: Ball 2-2: Strikes out swinging
|
Top of the 2nd over - 0 run(s), 0 hit(s), 0 error(s), 0 left on base; Gilbert 0 - Clearwater 1 |
BOTTOM OF THE 2ND |
Clearwater Crab People batting - Pitching for Gilbert Fire Fighters : RHP Robbie Hopps
|
Batting: RHB Roald van Bladel
|
0-0: Foul Ball, location: 2F 0-1: Ball 1-1: Foul Ball, location: 2F 1-2: Ground out U3 (Groundball, 34)
|
Batting: LHB José Pérez
|
0-0: Foul Ball, location: 2F 0-1: Ball 1-1: Ground out 3-1 (Groundball, 34)
|
Batting: RHB Brandon Davis
|
0-0: Ball 1-0: Fly out, F4 (Popup, 4)
|
Bottom of the 2nd over - 0 run(s), 0 hit(s), 0 error(s), 0 left on base; Gilbert 0 - Clearwater 1 |
TOP OF THE 3RD |
Gilbert Fire Fighters batting - Pitching for Clearwater Crab People : LHP Charlie Black
|
Batting: RHB Alfonso Santiago
|
0-0: Called Strike 0-1: Ball 1-1: Called Strike 1-2: Strikes out swinging
|
Batting: RHB Robbie Hopps
|
0-0: Ball 1-0: Ball 2-0: Called Strike 2-1: Called Strike 2-2: Strikes out swinging
|
Batting: RHB Ramón Maldonado
|
0-0: Called Strike 0-1: Ball 1-1: Called Strike 1-2: Foul Ball, location: 2F 1-2: Strikes out looking
|
Top of the 3rd over - 0 run(s), 0 hit(s), 0 error(s), 0 left on base; Gilbert 0 - Clearwater 1 |
BOTTOM OF THE 3RD |
Clearwater Crab People batting - Pitching for Gilbert Fire Fighters : RHP Robbie Hopps
|
Batting: RHB Carlos González
|
0-0: Called Strike 0-1: Called Strike 0-2: Ball 1-2: Ball 2-2: Foul Ball, location: 2F 2-2: Foul Ball, location: 2F 2-2: Strikes out swinging
|
Batting: LHB Stanley Smith
|
0-0: Ball 1-0: Ball 2-0: Ball 3-0: Called Strike 3-1: Ground out U3 (Groundball, 34)
|
Batting: RHB Palmer Frazier
|
0-0: Ball 1-0: Fly out, F8 (Flyball, 8RM)
|
Bottom of the 3rd over - 0 run(s), 0 hit(s), 0 error(s), 0 left on base; Gilbert 0 - Clearwater 1 |
TOP OF THE 4TH |
Gilbert Fire Fighters batting - Pitching for Clearwater Crab People : LHP Charlie Black
|
Batting: SHB José Salazar
|
0-0: Foul Ball, location: 2F 0-1: Called Strike 0-2: Strikes out looking
|
Batting: LHB Matt Moore
|
0-0: Foul Ball, location: 2F 0-1: Ball 1-1: Foul Ball, location: 2F 1-2: Ball 2-2: Foul Ball, location: 2F 2-2: Fly out, F2 (Popup, 3S)
|
Batting: RHB Bill Salinas
|
0-0: Called Strike 0-1: Ball 1-1: Ball 2-1: Fly out, F9 (Line Drive, 89M)
|
Top of the 4th over - 0 run(s), 0 hit(s), 0 error(s), 0 left on base; Gilbert 0 - Clearwater 1 |
BOTTOM OF THE 4TH |
Clearwater Crab People batting - Pitching for Gilbert Fire Fighters : RHP Robbie Hopps
|
Batting: LHB Pedro Escobar
|
0-0: Swinging Strike 0-1: Called Strike 0-2: Ball 1-2: Ball 2-2: Fly out, F9 (Flyball, 9S)
|
Batting: SHB Pete Jones
|
0-0: Foul Ball, location: 2F 0-1: Swinging Strike 0-2: SINGLE (Flyball, 56D)
|
Batting: LHB Ryan Martin
|
0-0: Swinging Strike 0-1: Called Strike 0-2: Ball 1-2: Ball 2-2: Fielders Choice at 2nd, 1-4 (Groundball, 15)
|
Batting: RHB Roald van Bladel
|
0-0: Called Strike 0-1: Ball 1-1: Ball 2-1: DOUBLE (Line Drive, 3D) Ryan Martin to third Runner from 3rd tries for Home, SAFE, no throw
|
Batting: LHB José Pérez
|
0-0: Ball 1-0: Called Strike 1-1: Ball 2-1: Foul Ball, location: 2F 2-2: Ball 3-2: Strikes out looking
|
Bottom of the 4th over - 1 run(s), 2 hit(s), 0 error(s), 1 left on base; Gilbert 0 - Clearwater 2 |
TOP OF THE 5TH |
Gilbert Fire Fighters batting - Pitching for Clearwater Crab People : LHP Charlie Black
|
Batting: RHB John Field
|
0-0: Called Strike 0-1: Called Strike 0-2: Strikes out swinging
|
Batting: RHB Iván Romero
|
0-0: Foul Ball, location: 2F 0-1: Swinging Strike 0-2: Ball 1-2: Foul Ball, location: 2F 1-2: Strikes out swinging
|
Batting: RHB Jesús Acosta
|
0-0: SOLO HOME RUN (Flyball, 7D), Distance : 410 ft
|
Batting: RHB Alfonso Santiago
|
0-0: Swinging Strike 0-1: Ball 1-1: Foul Ball, location: 2F 1-2: Ball 2-2: Foul Ball, location: 2F 2-2: Foul Ball, location: 2F 2-2: Foul Ball, location: 2F 2-2: Foul Ball, location: 2F 2-2: Foul Ball, location: 2F 2-2: Strikes out looking
|
Top of the 5th over - 1 run(s), 1 hit(s), 0 error(s), 0 left on base; Gilbert 1 - Clearwater 2 |
BOTTOM OF THE 5TH |
Clearwater Crab People batting - Pitching for Gilbert Fire Fighters : RHP Robbie Hopps
|
Batting: RHB Brandon Davis
|
0-0: Ball 1-0: Called Strike 1-1: Ball 2-1: Ball 3-1: Ground out U3 (Groundball, 3)
|
Batting: RHB Carlos González
|
0-0: Ball 1-0: Fly out, F8 (Line Drive, 8LD)
|
Batting: LHB Stanley Smith
|
0-0: Foul Ball, location: 2F 0-1: Fly out, F3 (Popup, 3L)
|
Bottom of the 5th over - 0 run(s), 0 hit(s), 0 error(s), 0 left on base; Gilbert 1 - Clearwater 2 |
TOP OF THE 6TH |
Gilbert Fire Fighters batting - Pitching for Clearwater Crab People : LHP Charlie Black
|
Batting: RHB Robbie Hopps
|
0-0: Foul Ball, location: 2F 0-1: Foul Ball, location: 2F 0-2: Ball 1-2: Strikes out swinging
|
Batting: RHB Ramón Maldonado
|
0-0: Fly out, F9 (Flyball, 9S)
|
Batting: SHB José Salazar
|
0-0: Called Strike 0-1: Ball 1-1: Swinging Strike 1-2: Foul Ball, location: 2F 1-2: Ball 2-2: Ground out 5-3 (Groundball, 5S)
|
Top of the 6th over - 0 run(s), 0 hit(s), 0 error(s), 0 left on base; Gilbert 1 - Clearwater 2 |
BOTTOM OF THE 6TH |
Clearwater Crab People batting - Pitching for Gilbert Fire Fighters : RHP Robbie Hopps
|
Pitching: RHP António Serrano
|
|
Batting: RHB Palmer Frazier
|
0-0: Ball 1-0: Ball 2-0: Called Strike 2-1: SINGLE (Groundball, 6MD)
|
Batting: LHB Pedro Escobar
|
0-0: Fly out, F4 (Line Drive, 4)
|
Batting: SHB Pete Jones
|
0-0: Swinging Strike 0-1: Fly out, F8 (Flyball, 89M)
|
Batting: LHB Ryan Martin
|
0-0: Ball 1-0: Foul Ball, location: 2F 1-1: Called Strike Palmer Frazier steals 2nd base 1-2: Strikes out swinging
|
Bottom of the 6th over - 0 run(s), 1 hit(s), 0 error(s), 1 left on base; Gilbert 1 - Clearwater 2 |
TOP OF THE 7TH |
Gilbert Fire Fighters batting - Pitching for Clearwater Crab People : LHP Charlie Black
|
Batting: LHB Matt Moore
|
0-0: SINGLE (Line Drive, 89S)
|
Pitching: LHP Tom Martin
|
|
Batting: RHB Bill Salinas
|
0-0: Called Strike Matt Moore is caught stealing 2nd base 0-1: Ball 1-1: Fly out, F3 (Popup, 34D)
|
Batting: RHB John Field
|
0-0: Ball 1-0: Ball 2-0: Ball 3-0: Called Strike 3-1: Fly out, F7 (Flyball, 7)
|
Top of the 7th over - 0 run(s), 1 hit(s), 0 error(s), 0 left on base; Gilbert 1 - Clearwater 2 |
BOTTOM OF THE 7TH |
Clearwater Crab People batting - Pitching for Gilbert Fire Fighters : RHP António Serrano
|
Batting: RHB Roald van Bladel
|
0-0: Ground out 5-3 (Groundball, 5)
|
Batting: LHB José Pérez
|
0-0: Swinging Strike 0-1: Ball 1-1: Ball 2-1: Foul Ball, location: 2F 2-2: Ball 3-2: Ground out 4-3 (Groundball, 4)
|
Batting: RHB Brandon Davis
|
0-0: Swinging Strike 0-1: Swinging Strike 0-2: Ball 1-2: Ball 2-2: Ball 3-2: Foul Ball, location: 2F 3-2: Strikes out swinging
|
Bottom of the 7th over - 0 run(s), 0 hit(s), 0 error(s), 0 left on base; Gilbert 1 - Clearwater 2 |
TOP OF THE 8TH |
Gilbert Fire Fighters batting - Pitching for Clearwater Crab People : LHP Tom Martin
|
Pitching: LHP Albert Martin
|
|
Now at SS: Glen Madden
|
|
Now in RF: Norberto Gallardo
|
|
Batting: RHB Iván Romero
|
0-0: Called Strike 0-1: Ball 1-1: Ball 2-1: Ground out 4-3 (Groundball, 4)
|
Pitching: RHP Pablo Borges
|
|
Batting: RHB Jesús Acosta
|
0-0: Called Strike 0-1: Ball 1-1: Called Strike 1-2: Ball 2-2: Strikes out swinging
|
Batting: RHB Alfonso Santiago
|
0-0: Called Strike 0-1: Swinging Strike 0-2: Strikes out swinging
|
Top of the 8th over - 0 run(s), 0 hit(s), 0 error(s), 0 left on base; Gilbert 1 - Clearwater 2 |
BOTTOM OF THE 8TH |
Clearwater Crab People batting - Pitching for Gilbert Fire Fighters : RHP António Serrano
|
Batting: RHB Carlos González
|
0-0: Swinging Strike 0-1: Called Strike 0-2: Strikes out looking
|
Batting: LHB Stanley Smith
|
0-0: Called Strike 0-1: Ball 1-1: Ball 2-1: Ball 3-1: SINGLE (Line Drive, 9LS)
|
Batting: RHB Palmer Frazier
|
0-0: Fly out, F8 (Flyball, 8LM)
|
Batting: LHB Pedro Escobar
|
0-0: Called Strike 0-1: Ground out 3-1 (Groundball, 34S)
|
Bottom of the 8th over - 0 run(s), 1 hit(s), 0 error(s), 1 left on base; Gilbert 1 - Clearwater 2 |
TOP OF THE 9TH |
Gilbert Fire Fighters batting - Pitching for Clearwater Crab People : RHP Pablo Borges
|
Pitching: LHP Walt MacKey
|
|
Now at C: Artie Mills
|
|
Batting: RHB Robbie Hopps
|
0-0: Ball 1-0: Called Strike 1-1: Ball 2-1: Foul Ball, location: 2F 2-2: Ball 3-2: Strikes out swinging
|
Batting: RHB Ramón Maldonado
|
0-0: Ball 1-0: Fly out, F8 (Flyball, 8RM)
|
Batting: SHB José Salazar
|
0-0: Ball 1-0: Ball 2-0: Called Strike 2-1: Ground out 6-3 (Groundball, 6)
|
Top of the 9th over - 0 run(s), 0 hit(s), 0 error(s), 0 left on base; Gilbert 1 - Clearwater 2 |
|